 Dungeon Sprint DCSS version 0.30-a0-881-g1ff12e1e11 (webtiles) character file.

Game seed: 10600748181994470207

11316 testman the Brawler (level 11, -3/137 HPs)
             Began as a Troll Berserker on Mar 14, 2023.
             Was a High Priest of Trog.
             Slain by a hellwing (10 damage)
             ... in the Dungeon (Sprint I: "Red Sonja").
             The game lasted 00:12:28 (1299 turns).

testman the Brawler (Troll Berserker)               Turns: 1299, Time: 00:12:29

Health: -3/137     AC:  4    Str: 31    XL:     11   Next: 47%
Magic:  10/10      EV: 11    Int:  3    God:    Trog [*****.]
Gold:   1447       SH:  0    Dex:  9    Spells: 10/10 levels left

rFire   + . .      SeeInvis .      - Unarmed
rCold   + . .      Faith    .    (no shield)
rNeg    + . .      Spirit   .    a - +0 animal skin
rPois   .          Reflect  .    (helmet restricted)
rElec   .          Rampage  .    (no cloak)
rCorr   .          NoTele   +    (gloves unavailable)
Will    ++...                    (boots unavailable)
Stlth   +                        (no amulet)
HPRegen 2.22/turn                p - ring "Jumaem Giono" {rF+ rC+ rN+}
MPRegen 0.12/turn                (no ring)

@: strong-willed, on berserk cooldown, attractive, regenerating, slowed, very
slow
A: large, unfitting armour, claws 3, regeneration 1, shaggy fur 1, tough skin 1
a: Renounce Religion, Berserk, Trog's Hand, Brothers in Arms


You were in the Dungeon.
You worshipped Trog.
Trog was extremely pleased with you.
You visited 1 branch You collected 1447 gold pieces.

Inventory:

Missiles
 b - 3 curare-tipped darts (quivered)
 k - 3 boomerangs
Armour
 a - a +0 animal skin (worn)
Jewellery
 p - the ring "Jumaem Giono" (left claw) {rF+ rC+ rN+}
   (You found it in the Dungeon)

   [ring of positive energy]

   rF:        It protects you from fire.
   rC:        It protects you from cold.
   rN:        It protects you from negative energy.
Wands
 h - a wand of roots (11)
Potions
 d - a potion of haste
 e - 5 potions of magic
 f - a potion of berserk rage
 j - 3 potions of curing
 o - a potion of flight {unknown}


   Skills:
 + Level 16.7 Fighting
 + Level 6.9 Dodging
 + Level 19.6 Unarmed Combat


You had 10 spell levels left.
You didn't know any spells.
Your spell library was empty.

Dungeon Overview and Level Annotations

Branches:
Dungeon (1/1)

Altars:
Makhleb
Sif Muna
Vehumet
Wu Jian
Xom
Jiyva
Lugonu

Shops:
D *[


Innate Abilities, Weirdness & Mutations

You are too large for most types of armour.
You have claws for hands.
Your natural rate of healing is unusually fast.
You are covered in fur. (AC +1)
You have tough skin. (AC +1)


Message History

Your deep troll looks as sick as possible!
The hornet closely misses you.
The hornet stings your deep troll but does no damage.
The hornet stings your deep troll! The hellwing hits you!
The hellwing hits you but does no damage.
The hornet stings your deep troll. The hornet stings you!
* * * LOW HITPOINT WARNING * * *
You are more poisoned.
You feel as though you will be slow longer.
The hornet stings your deep troll!
You feel better. The hornet stings your deep troll! The hornet stings you!
* * * LOW HITPOINT WARNING * * *
You feel as though you will be slow longer.
The hornet stings your deep troll! The hellwing hits you!
* * * LOW HITPOINT WARNING * * *
The hellwing hits you but does no damage.
The hornet stings your deep troll but does no damage.
The hornet stings you!
* * * LOW HITPOINT WARNING * * *
You feel as though you will be slow longer.
The hornet stings your deep troll but does no damage.
The hellwing barely misses you. The hellwing hits you.
* * * LOW HITPOINT WARNING * * *
Okay, then.
Unknown command.
It was a potion of attraction.
You feel attractive to monsters.
Your deep troll is no longer paralysed.
The hornet closely misses your deep troll.
The hornet stings you but does no damage.
The hornet closely misses your deep troll.
The hornet stings your deep troll!
Your deep troll dies!
Your deep troll's corpse disappears in a puff of smoke!
The hornet closely misses you. The hellwing closely misses you.
The hellwing hits you.
* * * LOW HITPOINT WARNING * * *
Unknown command.
The hornet barely misses you. The hellwing hits you!
You die...

##################
§†§)†.§§§..§§§#..+
§####§..§.##§§'..#
.# ##.§§#######4#
.# ###'# ##y@# ##
#§##$$$#yy##
#..###$#§y≈#
##.#A#$#..≈.)# .
.###$#..≈.## .#
##..$#..≈## ##
+###..≈# # ≈..##
≈..#


You could see a hellwing and 4 hornets.

Vanquished Creatures
  A deep elf annihilator (D)
  2 centaur warriors (D)
  Sonja (D)
  A deep troll (D)
  A lindwurm (D)
  An oklob plant (D)
  2 merfolk sirens (D)
  3 demonic crawlers (D)
  A gargoyle (D)
  2 kobold demonologists (D)
  2 unseen horrors (D)
  A hornet (D)
  Sigmund (D)
  A slime creature (D)
  13 hogs (D)
  2 redbacks (D)
  2 floating eyes (D)
  An ogre (D)
  7 necrophages (D)
  8 jellies (D)
  Ijyb (D)
54 creatures vanquished.

Vanquished Creatures (collateral kills)
  A hydra (D)
  A demonic crawler (D)
  A floating eye (D)
3 creatures vanquished.

Vanquished Creatures (others)
  2 ballistomycete spores (D)
2 creatures vanquished.

Grand Total: 59 creatures vanquished

Notes
Turn   | Place    | Note
-------+----------+-------------------------------------------
     0 | D        | testman the Troll Berserker began the quest for the Orb.
     0 | D        | Reached XP level 1. HP: 22/22 MP: 0/0
     1 | D        | Noticed Ijyb
     8 | D        | Killed Ijyb
     9 | D        | Reached skill level 5 in Unarmed Combat
     9 | D        | Reached XP level 2. HP: 11/32 MP: 1/1
    60 | D        | Noticed an ogre
    63 | D        | Killed an ogre
    64 | D        | Reached skill level 5 in Fighting
    64 | D        | Reached skill level 7 in Unarmed Combat
    64 | D        | Reached XP level 3. HP: 44/44 MP: 2/2
    64 | D        | Reached XP level 4. HP: 52/52 MP: 3/3
   102 | D        | Noticed Sigmund
   118 | D        | Killed Sigmund
   118 | D        | Reached ** piety under Trog
   119 | D        | Reached skill level 9 in Unarmed Combat
   119 | D        | Reached XP level 5. HP: 56/63 MP: 4/4
   119 | D        | Reached XP level 6. HP: 65/72 MP: 5/5
   132 | D        | Found an ornate altar of the Wu Jian Council.
   132 | D        | Found a shimmering blue altar of Sif Muna.
   134 | D        | Found a radiant altar of Vehumet.
   155 | D        | Noticed Sonja
   172 | D        | Killed Sonja
   173 | D        | Reached skill level 10 in Fighting
   173 | D        | Reached skill level 12 in Unarmed Combat
   173 | D        | Reached XP level 7. HP: 46/87 MP: 6/6
   203 | D        | Found a burning altar of Makhleb.
   203 | D        | Found a viscous altar of Jiyva.
   203 | D        | Found a shimmering altar of Xom.
   203 | D        | Found a corrupted altar of Lugonu.
   203 | D        | Noticed a slime creature
   208 | D        | Killed a slime creature
   209 | D        | Reached XP level 8. HP: 96/96 MP: 7/7
   255 | D        | Noticed a deep troll
   261 | D        | Killed a deep troll
   261 | D        | Reached *** piety under Trog
   262 | D        | Reached skill level 13 in Unarmed Combat
   311 | D        | Found Hiuv's Assorted Antiques.
   351 | D        | Noticed a kobold demonologist
   352 | D        | Paralysed by a floating eye for 4 turns
   357 | D        | Noticed a kobold demonologist
   358 | D        | Reached skill level 14 in Unarmed Combat
   360 | D        | Killed a kobold demonologist
   363 | D        | Killed a kobold demonologist
   363 | D        | Reached **** piety under Trog
   364 | D        | Reached XP level 9. HP: 109/109 MP: 8/8
   406 | D        | Noticed a centaur warrior
   408 | D        | Noticed a centaur warrior
   413 | D        | Killed a centaur warrior
   414 | D        | Reached skill level 15 in Unarmed Combat
   419 | D        | Killed a centaur warrior
   420 | D        | Reached skill level 16 in Unarmed Combat
   482 | D        | Noticed an oklob plant
   489 | D        | Killed an oklob plant
   532 | D        | Reached XP level 10. HP: 122/122 MP: 9/9
   535 | D        | Reached ***** piety under Trog
   567 | D        | Reached skill level 17 in Unarmed Combat
   620 | D        | Received a gift from Trog
   685 | D        | Received a gift from Trog
   687 | D        | Reached skill level 15 in Fighting
   718 | D        | Identified the ring "Jumaem Giono" {rF+ rC+ rN+}
   748 | D        | Found Poyma's Armour Emporium.
   767 | D        | Noticed a shining eye
   767 | D        | Noticed a shining eye
   767 | D        | Noticed a shining eye
   792 | D        | Noticed a demonic crawler
   792 | D        | Noticed a demonic crawler
   792 | D        | Noticed a demonic crawler
   792 | D        | Noticed a demonic crawler
   797 | D        | Killed a demonic crawler
   806 | D        | Killed a demonic crawler
   807 | D        | Reached skill level 18 in Unarmed Combat
   808 | D        | Killed a demonic crawler
   811 | D        | Killed a demonic crawler
   878 | D        | Noticed a lindwurm
   882 | D        | Killed a lindwurm
   929 | D        | Received a gift from Trog
   938 | D        | Reached XP level 11. HP: 135/135 MP: 10/10
   951 | D        | Received a gift from Trog
   955 | D        | Reached skill level 5 in Dodging
   955 | D        | Reached skill level 19 in Unarmed Combat
  1041 | D        | Noticed a daeva
  1057 | D        | Noticed a 12-headed hydra
  1059 | D        | HP: 4/135 [12-headed hydra (12)]
  1060 | D        | Killed a 12-headed hydra
  1270 | D        | Noticed a deep elf annihilator
  1288 | D        | Killed a deep elf annihilator
  1290 | D        | Received a gift from Trog
  1297 | D        | HP: 3/137 [hellwing (5)]
  1299 | D        | Slain by a hellwing

Illustrated notes

Levels and vault maps discovered:
D:        dungeon_sprint_1 [red_sonja_temple_1, red_sonja_temple_small_1]

Skill      XL: |  1  2  3  4  5  6  7  8  9 10 11 |
---------------+----------------------------------+-----
Fighting       | 4 5 7 10 12 14 15 16 | 16.7
Unarmed Combat | 5 7 9 12 14 16 18 19 | 19.6
Dodging        | 4 6 |  6.9

Action                     |  1- 3 |  4- 6 |  7- 9 | 10-12 || total
---------------------------+-------+-------+-------+-------++-------
  Melee: Unarmed           |     6 |    15 |    30 |    94 ||   145
         Punch             |       |       |     5 |    10 ||    15
 Invoke: Berserk           |     2 |     1 |     6 |     5 ||    14
         Trog's Hand       |       |     1 |     5 |     3 ||     9
         Brothers in Arms  |       |       |       |     3 ||     3
    Use: Potion            |       |     1 |       |     3 ||     4
         Scroll            |       |       |       |     4 ||     4
 Armour: Animal skin       |       |     4 |     6 |    20 ||    30
  Dodge: Dodged            |       |    11 |    14 |    43 ||    68

Table legend: (Time is in decaauts)
 A = Elapsed time spent in this place.
 B = Non-inter-level travel time spent in this place.
 C = Inter-level travel time spent in this place.
 D = Time resting spent in this place.
 E = Time spent auto-exploring this place.
 F = Levels seen in this place.
 G = Mean time per level.
                   A        B        C        D        E       F      G
               +--------+--------+--------+--------+--------+-----+--------+
         Total |   1379 |   1248 |    131 |    666 |     10 |   1 | 1379.0 |
       Dungeon |   1379 |   1248 |    131 |    666 |     10 |   1 | 1379.0 |
               +--------+--------+--------+--------+--------+-----+--------+

Top non-repeatable levels by time:
       D: 1379 daAuts
